 Dungeon Crawl Stone Soup version 0.30-a0-737-gf23d94013f (webtiles) character file.

Game seed: 1373225878767940578

150 retardedninja the Trooper (level 5, -3/34 HPs)
             Began as a Gargoyle Fighter on Feb 1, 2023.
             Slain by a black bear (5 damage)
             ... on level 3 of the Dungeon.
             The game lasted 00:04:37 (2189 turns).

retardedninja the Trooper (Gargoyle Fighter)        Turns: 2189, Time: 00:04:38

Health: -3/34      AC: 12    Str: 22    XL:     5   Next: 32%
Magic:  5/5        EV:  9    Int:  8    God:
Gold:   113        SH:  4    Dex:  9    Spells: 4/4 levels left

rFire   . . .      SeeInvis .    a - +0 flail
rCold   . . .      Faith    .    c - +0 buckler
rNeg    + . .      Spirit   .    b - +0 scale mail
rPois   ∞          Reflect  .    h - +0 helmet
rElec   +          Harm     .    (no cloak)
rCorr   .          Rampage  .    (no gloves)
Will    .....                    (no boots) Stlth
                                 (no amulet)
HPRegen 0.25/turn                (no ring)
MPRegen 0.09/turn                (no ring)

@: attractive
A: sickness immunity, AC +4, negative energy resistance 1, electricity
resistance, torment resistance 1, petrification resistance
a: no special abilities


You were on level 3 of the Dungeon.
You visited 1 branch of the dungeon, and saw 3 of its levels.

You collected 113 gold pieces.

Inventory:

Hand Weapons
 a - a +0 flail (weapon)
Armour
 b - a +0 scale mail (worn)
 c - a +0 buckler (worn)
 h - a +0 helmet (worn)
Jewellery
 k - a +6 ring of strength
Scrolls
 e - a scroll of immolation {unknown}
 f - 2 scrolls of amnesia
 g - a scroll of teleportation {unknown}
 l - a scroll of identify
Potions
 d - a potion of brilliance
 i - a potion of attraction
 j - a potion of degeneration {unknown}


   Skills:
 * Level 4.8 Fighting
 * Level 3.8 Maces & Flails
 - Level 3.5 Armour
 - Level 3.5 Shields


You had 4 spell levels left.
You didn't know any spells.
Your spell library was empty.

Dungeon Overview and Level Annotations

Branches:
Dungeon (3/15)

Altars:


Innate Abilities, Weirdness & Mutations

You are immune to sickness and miasma.
Your stone body is resilient. (AC +4)
You are immune to poison.
You resist negative energy. (rN+)
You are resistant to electric shocks. (rElec)
You are resistant to unholy torment.
You are immune to petrification.


Message History

The black bear closely misses you.
The black bear claws you but does no damage.
The black bear bites you but does no damage.
The black bear closely misses you.
The black bear claws you but does no damage.
You closely miss the black bear.
The black bear is heavily wounded.
The black bear bites you but does no damage.
The black bear closely misses you. The black bear claws you.
You sock the black bear!
The black bear is almost dead.
The black bear goes berserk!
You closely miss the black bear.
The black bear is almost dead.
The black bear closely misses you. You block the black bear's attack.
The black bear claws you. The black bear closely misses you.
The black bear claws you but does no damage.
The black bear claws you.
You barely miss the black bear.
The black bear is almost dead.
The black bear barely misses you. x2
The black bear claws you but does no damage.
The black bear bites you.
The black bear claws you but does no damage. x2
You hit the black bear.
The black bear is almost dead.
The black bear bites you but does no damage.
The black bear claws you.
* * * LOW HITPOINT WARNING * * *
You block the black bear's attack. The black bear completely misses you.
The black bear claws you.
* * * LOW HITPOINT WARNING * * *
The black bear barely misses you.
It was a potion of attraction.
You feel attractive to monsters. The black bear bites you.
* * * LOW HITPOINT WARNING * * *
The black bear claws you but does no damage.
The black bear claws you.
You die...

#.## ##.# #.#
.. ###.####
### #......#
#......#
#......#
#......#
#......#
#....@.#
#....h.......
#......######
#......#
#......#
###.##.# #.
.# #. ..


You could see a black bear (berserk).

Vanquished Creatures
  Jessica (D:2)
  Natasha (twice) (D:2)
  Robin (D:2)
  2 worms (D:2)
  3 dart slugs
  6 bats
  An endoplasm (D:2)
  2 giant cockroaches (D:2)
  8 goblins
  11 hobgoblins
  2 jackals (D:1)
  6 kobolds
  3 ball pythons
  A frilled lizard (D:1)
49 creatures vanquished.

Notes
Turn   | Place    | Note
-------+----------+-------------------------------------------
     0 | D:1      | retardedninja the Gargoyle Fighter began the quest for the
                  | Orb.
     0 | D:1      | Reached XP level 1. HP: 14/14 MP: 1/1
   117 | D:1      | Reached XP level 2. HP: 13/19 MP: 2/2
   386 | D:1      | Found a faded altar of an unknown god.
   629 | D:1      | Reached XP level 3. HP: 24/24 MP: 3/3
   962 | D:2      | Noticed Natasha
   976 | D:2      | Killed Natasha
   977 | D:2      | Reached skill level 4 in Fighting
   977 | D:2      | Reached XP level 4. HP: 7/29 MP: 4/4
   987 | D:2      | Noticed Natasha
   997 | D:2      | Killed Natasha
  1714 | D:2      | Noticed Robin
  1731 | D:2      | Killed Robin
  1745 | D:2      | Reached XP level 5. HP: 19/34 MP: 5/5
  2126 | D:3      | Noticed Jessica
  2137 | D:2      | Killed Jessica
  2178 | D:3      | Noticed a black bear
  2189 | D:3      | Slain by a black bear

Illustrated notes

Levels and vault maps discovered:
D:1:      lemuel_arrival_river_ford, layout_basic,
          hellmonk_ecumenical_altar_pennies_from_heaven, minmay_distorted
D:2:      layout_loops_corners, uniq_robin, uniq_natasha
D:3:      layout_rooms, marbit_many_paths, uniq_jessica

Skill      XL: |  1  2  3 |
---------------+----------+-----
Fighting       | 4 |  4.8
Maces & Flails | 3 |  3.8
Armour         | |  3.5
Shields        | |  3.5

Action                     |  1- 3 |  4- 6 || total
---------------------------+-------+-------++-------
  Melee: Flail             |   107 |    89 ||   196
    Use: Potion            |     1 |     2 ||     3
         Scroll            |       |     2 ||     2
 Armour: Scale mail        |    56 |    76 ||   132
  Dodge: Dodged            |    74 |    57 ||   131
  Block: Buckler           |    24 |    21 ||    45

Table legend: (Time is in decaauts)
 A = Elapsed time spent in this place.
 B = Non-inter-level travel time spent in this place.
 C = Inter-level travel time spent in this place.
 D = Time resting spent in this place.
 E = Time spent auto-exploring this place.
 F = Levels seen in this place.
 G = Mean time per level.
                   A        B        C        D        E       F      G
               +--------+--------+--------+--------+--------+-----+--------+
         Total |   2256 |   2215 |     41 |    541 |   1229 |   3 |  752.0 |
       Dungeon |   2256 |   2215 |     41 |    541 |   1229 |   3 |  752.0 |
               +--------+--------+--------+--------+--------+-----+--------+

Top non-repeatable levels by time:
     D:2: 1368 daAuts
     D:1: 832 daAuts
     D:3: 55 daAuts
